[Event "56.SMM B ASD Arci BZ 2-SSV Naturns"]
[Site "Bozen"]
[Date "2025.01.25"]
[Round "6.3"]
[White "Nägele, Raimund"]
[Black "Pichler, Klaus"]
[Result "0-1"]
[ECO "A47"]
[WhiteElo "1758"]
[BlackElo "1818"]
[PlyCount "48"]
[EventDate "2025.??.??"]
[TimeControl "60/120:0"]

1. d4 Nf6 2. Nf3 e6 3. g3 b6 4. Bg2 Bb7 5. O-O Be7 6. b3 d6 7. Bb2 c5 8. c3 O-O 9. Nbd2 Qd7 10. Qc2 cxd4 11. cxd4 Rc8 12. Qb1 Qb5 13. e4 Nbd7 14. e5 Nd5 15. Nc4 dxe5 16. dxe5 Nc5 17. Nd6 Bxd6 18. exd6 Rd8 19. Rd1 f6 20. Nd4 Qe8 21. Re1 Rxd6 22. Bh3 Nb4 23. Bf1 Rad8 24. Nb5 Qc6 0-1